 Dungeon Crawl Stone Soup version 0.21.1-1-g345015fe64 (webtiles) character file.

7319 Knicklaso the Fighter (level 11, -7/142 HPs)
             Began as a Human Fighter on Apr 16, 2018.
             Was an Elder of Yredelemnul.
             Mangled by an orc warrior
             ... wielding a +0 halberd
              (10 damage)
             ... on level 10 of the Dungeon.
             The game lasted 00:32:39 (11028 turns).

Knicklaso the Fighter (Human Fighter)              Turns: 11028, Time: 00:32:40

Health: -7/142     AC:  8    Str: 23 (24) XL:     11   Next: 35%
Magic:  11/11      EV:  7    Int: 11 (12) God:    Yredelemnul [****..]
Gold:   601        SH:  9    Dex: 10 (12) Spells: 10/10 levels left

rFire    . . .     SeeInvis .   j - +2 dagger (venom)
rCold    . . .     Gourm    .   c - +0 shield
rNeg     . . .     Faith    .   b - +0 scale mail
rPois    +         Spirit   .   K - +1 hat {MR+}
rElec    .         Reflect  .   (no cloak)
rCorr    .         Harm     .   (no gloves)
MR       +....                  g - +0 pair of boots
Stlth    ..........             (no amulet)
HPRegen  0.33/turn              i - +2 ring of strength
MPRegen  0.12/turn              A - ring of poison resistance

@: berserking, very quick
A: no striking features
a: Recall Undead Slaves, Injury Mirror, Animate Dead, Drain Life, Renounce
Religion


You were on level 10 of the Dungeon.
You worshipped Yredelemnul.
Yredelemnul was greatly pleased with you.
You were not hungry.

You visited 1 branch of the dungeon, and saw 10 of its levels.

You collected 601 gold pieces.

Inventory:

Hand Weapons
 a - a +0 long sword
 j - a +2 dagger of venom (weapon)
 v - a +2 whip of electrocution
Missiles
 s - 5 javelins
 w - 10 tomahawks (quivered)
Armour
 b - a +0 scale mail (worn)
 c - a +0 shield (worn)
 g - a +0 pair of boots (worn)
 m - a +1 robe of cold resistance
 K - a +1 hat of magic resistance (worn)
Jewellery
 i - a +2 ring of strength (left hand)
 o - an uncursed ring of positive energy
 A - a ring of poison resistance (right hand)
 N - an uncursed ring of positive energy
 O - an uncursed ring of positive energy
 P - a +3 ring of dexterity {unknown}
 R - a cursed -2 ring of strength
Wands
 y - a wand of flame (90)
 H - a wand of random effects (31)
 J - a wand of iceblast (5)
Scrolls
 h - 6 scrolls of identify
 l - 8 scrolls of remove curse
 n - a scroll of fear {unknown}
 r - 3 scrolls of immolation {unknown}
 t - 3 scrolls of magic mapping {unknown}
 u - 3 scrolls of enchant weapon {unknown}
 B - 2 scrolls of fog {unknown}
 D - 3 scrolls of teleportation {unknown}
 E - 2 scrolls of noise {unknown}
 F - a scroll of blinking {unknown}
 I - 2 scrolls of enchant armour {unknown}
 L - a scroll of vulnerability {unknown}
Potions
 d - a potion of flight
 e - a potion of lignification {unknown}
 k - 4 potions of curing
 z - 2 potions of magic
 C - a potion of brilliance
 M - 2 potions of degeneration
Books
 q - a book of Changes

   Spells                             Type                      Level
   a - Beastly Appendage              Transmutation                1
   b - Sticks to Snakes               Transmutation                2
   c - Spider Form                    Transmutation/Poison         3
   d - Ice Form                       Ice/Transmutation            4
   e - Blade Hands                    Transmutation                5
 G - a Young Poisoner's Handbook

   Spells                             Type                      Level
   a - Sting                          Conjuration/Poison           1
   b - Poisonous Vapours              Poison/Air                   2
   c - Mephitic Cloud                 Conjuration/Poison/Air       3
   d - Olgreb's Toxic Radiance        Poison                       4
   e - Venom Bolt                     Conjuration/Poison           5
Comestibles
 f - 15 rations
 S - 3 chunks of flesh


   Skills:
 + Level 12.0 Fighting
 + Level 11.8 Long Blades
 - Level 3.0 Armour
 - Level 3.0 Shields


You had 10 spell levels left.
You didn't know any spells.

Dungeon Overview and Level Annotations

Branches:
Dungeon (10/15)            Temple (0/1) D:6             Orc (0/2) D:10
   Lair: D:8-11

Altars:
Fedhas
Okawaru
Uskayaw
Yredelemnul
The Shining One

Annotations:
D:8 Knicklaso's ghost, novice TrMo


Message History

You hit the orc warrior but do no damage.
The orc warrior is poisoned.
The orc wizard hits you but does no damage.
Your shield prevents you from hitting the orc warrior.
The orc wizard hits you but does no damage.
The orc warrior closely misses you.
You hit the orc warrior.
The orc warrior looks as sick as possible!
The orc warrior is moderately wounded.
The orc wizard casts a spell.
The orc wizard blinks!
You hit the orc warrior.
The orc warrior is moderately wounded.
The orc wizard gestures wildly while chanting.
The orc wizard blinks!
You completely miss the orc warrior.
The orc warrior is moderately wounded.
The orc warrior hits you with a halberd!
You die...
Your body rises from the dead as a mindless zombie.

#. #.#........# #.
#.#........#...
#.#####.#....)oo.....
#.......#...##.o.....
#.......#...# .o.....
#..o...o#...# .o.....
#......oo...# .......
#.....§o#...# .......
#.>..##@#...# ......>
#....##.#...# .......
#.......#...#
#.......#...#
#.......#...#
#.......+...#
#.......# #..#....#
#..#....#


You could see an orc warrior, 2 orc wizards and 2 orcs.

Vanquished Creatures
  Gastronok (D:8)
  A two-headed ogre (D:7)
  A komodo dragon (D:10)
  A hornet (D:6)
  2 hippogriffs
  Sigmund (D:3)
  2 hungry ghosts
  A warg (D:10)
  Menkaure (D:7)
  A water moccasin (D:7)
  4 sky beasts
  5 black bears
  3 centaurs
  3 ogres
  A crocodile (D:8)
  3 big kobolds
  Blork the orc (D:4)
  3 bullfrogs
  2 gnoll sergeants
  3 scorpions
  A water moccasin skeleton (D:8)
  A howler monkey (D:7)
  2 crimson imps
  3 centaur zombies
  A bullfrog zombie (D:6)
  2 bullfrog skeletons
  A hound (D:10)
  A gnoll shaman (D:7)
  2 orc priests (D:8)
  A jelly (D:5)
  4 orc wizards
  2 iguanas
  4 centaur skeletons
  Natasha (thrice) (D:3)
  Ijyb (D:3)
  8 worker ants
  A killer bee zombie (D:5)
  A hound zombie (D:7)
  19 gnolls
  A howler monkey skeleton (D:9)
  6 adders
  3 shadow imps
  A white imp (D:5)
  An ooze (D:3)
  An adder zombie (D:5)
  2 worms (D:2)
  6 leopard geckos
  22 orcs
  6 giant cockroaches
  2 gnoll zombies (D:2)
  13 hobgoblins
  8 jackals (D:4)
  23 kobolds
  A quokka (D:2)
  A ball python (D:2)
  5 bats
  5 frilled lizards
  8 goblins
  A goblin skeleton (D:5)
  2 goblin zombies (D:5)
  2 hobgoblin zombies (D:5)
  2 kobold skeletons (D:5)
  2 kobold zombies (D:5)
  An orc skeleton (D:5)
  2 orc zombies (D:5)
  A quokka skeleton (D:6)
  2 rats
228 creatures vanquished.

Vanquished Creatures (collateral kills)
  A phantom (D:9)
  An adder (D:9)
  A quokka (D:9)
3 creatures vanquished.

Vanquished Creatures (others)
  A big kobold zombie (D:10)
  A worker ant zombie (D:8)
  A scorpion zombie (D:8)
  2 kobold zombies (D:10)
  3 orc zombies
8 creatures vanquished.

Grand Total: 239 creatures vanquished

Notes
Turn   | Place    | Note
-------+----------+-------------------------------------------
     0 | D:1      | Knicklaso the Human Fighter began the quest for the Orb.
     0 | D:1      | Reached XP level 1. HP: 18/18 MP: 1/1
   319 | D:1      | Reached XP level 2. HP: 22/24 MP: 2/2
   624 | D:1      | Reached XP level 3. HP: 29/29 MP: 3/3
  1347 | D:2      | Reached XP level 4. HP: 34/37 MP: 4/4
  1441 | D:2      | Reached skill level 4 in Fighting
  1574 | D:2      | Found a basalt altar of Yredelemnul.
  1745 | D:2      | Became a worshipper of Yredelemnul the Dark
  1852 | D:3      | Reached XP level 5. HP: 43/43 MP: 5/5
  1985 | D:3      | Noticed Sigmund
  2018 | D:3      | Killed Sigmund
  2018 | D:3      | Reached skill level 5 in Fighting
  2018 | D:3      | Reached XP level 6. HP: 8/51 MP: 6/6
  2341 | D:3      | You fall through a shaft for 3 floors!
  2356 | D:6      | Reached skill level 5 in Long Blades
  2362 | D:6      | Reached XP level 7. HP: 32/57 MP: 7/7
  2714 | D:6      | Reached skill level 6 in Fighting
  2993 | D:5      | Entered Level 5 of the Dungeon
  3027 | D:4      | Reached * piety under Yredelemnul
  3070 | D:3      | Noticed Natasha
  3078 | D:3      | Killed Natasha
  3078 | D:3      | Reached XP level 8. HP: 58/65 MP: 8/8
  3079 | D:3      | Noticed Ijyb
  3089 | D:3      | Killed Ijyb
  3184 | D:3      | Noticed Natasha
  3187 | D:3      | Killed Natasha
  3300 | D:3      | Noticed Natasha
  3316 | D:3      | Killed Natasha
  3562 | D:4      | Noticed Blork the orc
  3572 | D:4      | Killed Blork the orc
  3572 | D:4      | Reached skill level 7 in Fighting
  3760 | D:4      | Found a blossoming altar of Fedhas.
  4211 | D:5      | Found a glowing golden altar of the Shining One.
  4277 | D:5      | Reached ** piety under Yredelemnul
  4574 | D:5      | Found an iron altar of Okawaru.
  4896 | D:6      | Found a staircase to the Ecumenical Temple.
  5401 | D:6      | HP: 3/68 [gnoll/club (3)]
  5895 | D:6      | Reached skill level 8 in Fighting
  5895 | D:6      | Reached XP level 9. HP: 63/74 MP: 9/9
  5959 | D:7      | Noticed Menkaure
  6161 | D:7      | Found a hide-covered altar of Uskayaw.
  6161 | D:7      | Noticed a dagger
  6161 | D:7      | Noticed a dagger
  6415 | D:7      | Killed Menkaure
  6609 | D:7      | Noticed a hippogriff
  6648 | D:7      | Killed a hippogriff
  7044 | D:7      | Noticed a two-headed ogre
  7048 | D:7      | Noticed a hornet
  7071 | D:6      | Killed a hornet
  7071 | D:6      | Reached skill level 9 in Fighting
  7696 | D:7      | Killed a two-headed ogre
  7696 | D:7      | Reached skill level 10 in Fighting
  7696 | D:7      | Reached XP level 10. HP: 85/85 MP: 10/10
  7871 | D:8      | Found a hide-covered altar of Uskayaw.
  7911 | D:8      | Reached skill level 10 in Long Blades
  7924 | D:8      | Noticed Gastronok
  7988 | D:8      | Reached *** piety under Yredelemnul
  8033 | D:8      | Killed Gastronok
  8033 | D:8      | Reached skill level 11 in Fighting
  8760 | D:8      | Noticed Knicklaso's ghost (novice TrMo)
  8991 | D:8      | Reached XP level 11. HP: 85/93 MP: 11/11
  9214 | D:8      | HP: 4/93 [Knicklaso's ghost (19)]
 10638 | D:10     | Entered Level 10 of the Dungeon
 10654 | D:10     | Found a blossoming altar of Fedhas.
 10677 | D:10     | Paralysed by fainting for 9 turns
 10916 | D:10     | Reached skill level 12 in Fighting
 10991 | D:10     | Reached **** piety under Yredelemnul
 10994 | D:10     | Found a staircase to the Orcish Mines.
 11023 | D:10     | HP: 2/142 [orc warrior/halberd (11)]
 11028 | D:10     | Mangled by an orc warrior

Skill      XL: |  1  2  3  4  5  6  7  8  9 10 11 |
---------------+----------------------------------+-----
Long Blades    | 3 4 5 6 7 9 11 | 11.8
Fighting       | 4 5 6 8 10 11 12 | 12.0
Armour         | |  3.0
Shields        | |  3.0

Action                   |  1- 3 |  4- 6 |  7- 9 | 10-12 || total
-------------------------+-------+-------+-------+-------++-------
Melee: Long sword        |    41 |       |       |       ||    41
       Dagger            |    67 |   130 |   530 |   403 ||  1130
Throw: Stone             |    12 |       |       |       ||    12
       Tomahawk          |       |       |       |     4 ||     4
Invok: Animate Dead      |       |       |       |    11 ||    11
Evoke: Wand              |       |       |    11 |       ||    11
  Use: Potion            |       |     2 |     1 |     5 ||     8
       Scroll            |       |       |       |     6 ||     6
 Stab: Distracted        |       |       |       |     2 ||     2
  Eat: Chunk             |     1 |     4 |    10 |     1 ||    16
       Ration            |       |       |     2 |     6 ||     8
Armor: Scale mail        |    49 |    54 |   202 |   120 ||   425
Dodge: Dodged            |    24 |    31 |   121 |    77 ||   253
Block: Shield            |    41 |    49 |   212 |   143 ||   445
